 Dungeon Crawl Stone Soup version 0.17.0-24-gcfadda4 (webtiles) character file.

1132 septik the Basher (level 8, -16/52 HPs)
             Began as a Gargoyle Fighter on Nov 16, 2015.
             Killed from afar by a gnoll (19 damage)
             ... with a wand of cold
             ... on level 6 of the Dungeon.
             The game lasted 00:12:10 (4701 turns).

septik the Basher (Gargoyle Fighter)                Turns: 4701, Time: 00:12:10

Health: -16/52     AC: 14    Str: 26    XL:     8   Next: 36%
Magic:  8/8        EV:  6    Int: 10    God:
Gold:   277        SH: 10    Dex: 11    Spells: 0 memorised, 7 levels left

rFire  . . .     SeeInvis .     a - +0 flail
rCold  . . .     Clarity  .     E - +0 chain mail of Fortitude {+Blink Str+7} (curse)
rNeg   + . .     SustAt   .     c - +0 shield
rPois  ∞         Gourm    .     (no helmet)
rElec  +         Spirit   .     (no cloak)
rCorr  .         Warding  .     (no gloves)
rMut   .         Stasis   .     (no boots)
MR     +....                    H - amulet of rage
Stlth  ..........               x - ring of protection from magic
                                w - ring of flight

@: somewhat resistant to hostile enchantments, extremely unstealthy
A: negative energy resistance 1, electricity resistance, unbreathing,
petrification resistance, rot immunity, AC +5
a: Evoke Blink, Evoke Berserk Rage, Evoke Flight


You were on level 6 of the Dungeon.
You were very hungry.

You visited 1 branch of the dungeon, and saw 6 of its levels.

You collected 277 gold pieces.

Inventory:

Hand Weapons
 a - a +0 flail (weapon)
Missiles
 h - 257 stones (quivered)
Armour
 c - a +0 shield (worn)
 r - a +0 chain mail
 E - the cursed +0 chain mail of Fortitude (worn) {+Blink Str+7}
   (You found it on level 6 of the Dungeon)

   It affects your strength (+7).
   It lets you blink.
   It has a curse placed upon it.
Jewellery
 w - a ring of flight (left hand)
 x - a ring of protection from magic (right hand)
 G - an uncursed ring of stealth {unknown}
 H - an amulet of rage (around neck)
Scrolls
 f - a scroll of random uselessness {unknown}
 g - 8 scrolls of identify {unknown}
 i - 2 scrolls of enchant armour {unknown}
 j - 4 scrolls of teleportation {unknown}
 k - 2 scrolls of fog {unknown}
 o - 3 scrolls of magic mapping
 p - 5 scrolls of remove curse
 v - 2 scrolls of fear
Potions
 b - 4 potions of haste {unknown}
 d - 2 potions of might
 m - a potion of agility {unknown}
 s - a potion of invisibility {unknown}
 t - a potion of curing {unknown}
 u - 2 potions of poison {unknown}
 z - a potion of degeneration {unknown}
 A - a potion of flight {unknown}
 B - a potion of lignification {unknown}
 C - a potion of ambrosia {unknown}
 D - 2 potions of heal wounds {unknown}
Books
 y - a book of the Sky

   Spells                             Type                      Level
   a - Summon Lightning Spire         Summoning/Air                4
   b - Airstrike                      Air                          4
   c - Silence                        Hexes/Air                    5
   d - Deflect Missiles               Charms/Air                   6
   e - Conjure Ball Lightning         Conjuration/Air              6
   f - Tornado                        Air                          9
Comestibles
 e - 5 bread rations
 l - 2 meat rations
 n - a royal jelly
 q - 2 beef jerkies
 F - a slice of pizza


   Skills:
 + Level 6.8 Fighting
 * Level 8.1 Maces & Flails
 - Level 3.3 Armour
 - Level 3.4 Shields


You had 7 spell levels left.
You didn't know any spells.

Dungeon Overview and Level Annotations

Branches:
Dungeon (6/15)
 Temple: D:4-7

Altars:
Ashenzari
Cheibriados
Dithmenos
Fedhas
Gozag
Makhleb
Nemelex Xobeh
Ru
Xom

Shops:
D:4 %   D:5 }


Innate Abilities, Weirdness & Mutations

You are resistant to torment.
Your stone body is resilient (AC +5).
You are immune to poison.
You resist negative energy.
You are resistant to electric shocks.
You can survive without breathing.
You are immune to petrification.
You are immune to rotting.


Message History

The gnoll zaps a wand.
The bolt of cold hits you!
It is a wand of cold.
You block the gnoll's attack.
Unknown command.
You hit the gnoll.
The gnoll is lightly wounded.
You block the gnoll's attack.
The gnoll zaps a wand.
The bolt of cold hits you!
The gnoll sergeant hits you but does no damage.
You block the gnoll's attack.
You barely miss the gnoll.
The gnoll is lightly wounded.
The gnoll zaps a wand.
The bolt of cold hits you!
* * * LOW HITPOINT WARNING * * *
You block the gnoll sergeant's attack. The gnoll hits you but does no damage.
The gnoll zaps a wand.
The bolt of cold hits you!
You die...

≈#≈###≈#.#.............####......
≈##≈≈..#≈#...............#####._.
.#######≈#.......................
#.≈.≈≈≈≈#####.###.######.########
#########.<........# #.#
**,*,*,######.###..# #.#
**+*,*,#......# #..# #.#
*,,,,*,#.###..###..# #.#
*,,,,*,#.# #.gg.@..# #.#
*,,,,*,#.####g###.######.###
**,*,*,#.....g.............#
*,*,*,#######.#...........#
*,*,*,* #gg...........#
*,*,*,##****##.#'##.......#
*,*,*,...,,,*#g..##########
**+*,*,....,,*##..#
*,,,,*,....g,* #..#*****


You could see a gnoll sergeant and 2 gnolls.

Vanquished Creatures
  Eustachio (D:5)
  2 ogres
  A sky beast (D:5)
  A centaur (D:5)
  A giant frog (D:6)
  3 scorpions
  A jelly (D:5)
  4 hounds
  4 worker ants
  A gnoll (D:6)
  9 adders
  A shadow imp (D:5)
  2 oozes
  An adder skeleton (D:4)
  6 worms
  A giant gecko (D:1)
  3 orcs
  A ball python (D:1)
  3 goblins
  7 hobgoblins
  3 jackals (D:1)
  2 quokkas
  15 bats
  3 giant cockroaches
  A giant gecko skeleton (D:6)
  5 giant newts
  A jackal skeleton (D:4)
  A jackal zombie (D:4)
  5 kobolds
  A quokka skeleton (D:4)
  11 rats
101 creatures vanquished.

Notes
Turn   | Place    | Note
--------------------------------------------------------------
     0 | D:1      | septik the Gargoyle Fighter began the quest for the Orb.
     0 | D:1      | Reached XP level 1. HP: 14/14 MP: 1/1
   193 | D:1      | Reached XP level 2. HP: 12/19 MP: 2/2
   445 | D:1      | Reached XP level 3. HP: 24/24 MP: 3/3
   911 | D:2      | Found a sparkling altar of Nemelex Xobeh.
  1055 | D:2      | Reached skill level 4 in Fighting
  1077 | D:2      | Reached XP level 4. HP: 25/29 MP: 4/4
  1151 | D:2      | Found a faded altar to an unknown god.
  1249 | D:2      | Found a sacrificial altar of Ru.
  1320 | D:2      | Found an opulent altar of Gozag.
  1323 | D:2      | Found a blossoming altar of Fedhas.
  1558 | D:3      | Found a shadowy altar of Dithmenos.
  1684 | D:3      | Reached XP level 5. HP: 24/34 MP: 5/5
  1766 | D:3      | Found a burning altar of Makhleb.
  2202 | D:4      | Reached skill level 5 in Maces & Flails
  2202 | D:4      | Reached XP level 6. HP: 40/40 MP: 6/6
  2205 | D:4      | Reached skill level 5 in Fighting
  2212 | D:4      | Found a shattered altar of Ashenzari.
  2368 | D:4      | Found Ezekolik's Food Emporium.
  2638 | D:4      | Reached skill level 6 in Maces & Flails
  2638 | D:4      | Reached XP level 7. HP: 44/44 MP: 7/7
  2753 | D:5      | Entered Level 5 of the Dungeon
  2774 | D:5      | Found a shimmering altar of Xom.
  2781 | D:5      | Noticed Eustachio
  2850 | D:5      | Killed Eustachio
  3327 | D:5      | Reached skill level 7 in Maces & Flails
  3385 | D:5      | Found Onnuacut's Gadget Boutique.
  3832 | D:5      | Reached XP level 8. HP: 24/51 MP: 8/8
  4300 | D:6      | Found a glowing drain.
  4388 | D:6      | Found a snail-covered altar of Cheibriados.
  4466 | D:6      | Reached skill level 8 in Maces & Flails
  4523 | D:6      | Got a jacinth-encrusted chain mail
  4534 | D:6      | Identified the cursed +0 chain mail of Fortitude {+Blink Str+7} (You found it on level 6 of the Dungeon)
  4701 | D:6      | Killed from afar by a gnoll

Action                   |  1- 3 |  4- 6 |  7- 9 || total
-------------------------+-------+-------+-------++-------
Melee: Flail             |   117 |   160 |   189 ||   466
Throw: Stone             |     1 |       |       ||     1
  Use: Scroll            |       |       |     5 ||     5
  Eat: Chunk             |     1 |     5 |     6 ||    12
